 Dungeon Crawl Stone Soup version 0.20.2-3-g29329e0561 (webtiles) character file.

557 Alfie the Cutter (level 7, 0/61 HPs)
             Began as a Hill Orc Fighter on Nov 15, 2023.
             Succumbed to a worker ant's poison
             ... on level 4 of the Dungeon.
             The game lasted 00:05:30 (2030 turns).

Alfie the Cutter (Hill Orc Fighter)                 Turns: 2030, Time: 00:05:30

Health: 0/61       AC: 10    Str: 21    XL:     7   Next: 30%
Magic:  7/7        EV:  8    Int:  8    God:
Gold:   244        SH:  9    Dex: 10    Spells: 6/6 levels left

rFire    . . .     SeeInvis .   a - +0 rapier
rCold    . . .     Gourm    .   c - +0 shield
rNeg     . . .     Faith    .   b - +0 scale mail
rPois    .         Spirit   .   l - +2 helmet
rElec    .         Reflect  .   (no cloak)
rCorr    .         Harm     .   (no gloves)
MR       .....                  (no boots)
Stlth    ..........             (no amulet)
Regen    0.2/turn               (no ring)
MPRegen  0.1/turn               (no ring)

@: lethally poisoned (0 -> -2)
A: no striking features
a: no special abilities


You were on level 4 of the Dungeon.
You were hungry.

You visited 1 branch of the dungeon, and saw 4 of its levels.

You collected 244 gold pieces.

Inventory:

Hand Weapons
 a - a +0 rapier (weapon)
Armour
 b - a +0 scale mail (worn)
 c - a +0 shield (worn)
 l - a +2 helmet (worn)
Scrolls
 g - 2 scrolls of fog
 h - a scroll of fear
 i - 3 scrolls of identify
 k - a scroll of remove curse
Potions
 e - a potion of curing {unknown}
 j - 2 potions of haste {unknown}
 s - a potion of mutation {unknown}
Comestibles
 f - 2 bread rations
 m - a meat ration
 p - 4 royal jellies
 r - 2 fruits


   Skills:
 + Level 5.0 Fighting
 + Level 5.1 Short Blades
 + Level 4.6 Armour
 + Level 1.6 Dodging
 + Level 0.1 Stealth
 + Level 4.8 Shields


You had 6 spell levels left.
You didn't know any spells.

Dungeon Overview and Level Annotations

Branches:
Dungeon (4/15)
 Temple: D:4-7

Altars:


Message History

The ogre barely misses you.
You barely miss the ogre.
The ogre is lightly wounded.
You feel sick.
You puncture the ogre!
The ogre is moderately wounded.
You feel sick. The ogre barely misses you.
You hit the ogre.
The ogre is moderately wounded.
You block the ogre's attack.
You hit the ogre.
The ogre is heavily wounded.
You feel sick. The ogre closely misses you.
You barely miss the ogre.
The ogre is heavily wounded.
The ogre hits you with a giant club!
* * * LOW HITPOINT WARNING * * *
You hit the ogre.
The ogre is severely wounded.
You die...

#.......#
#######...##
#.......# ###)))
#.......## ####
#.#####..#
##.########## ###
#..##......## #..
##.#..####..###.#
###.....####.....#
#@O...#....####..#
#...########........
#..### #....###.
....# #..##..###
#..## #. ##..## #.
##.(. # ###. ## ###


You could see an ogre.

Vanquished Creatures
  The ghost of Alfie the Cutter, a novice HOFi (D:4)
  A scorpion (D:4)
  A howler monkey (D:4)
  Terence (D:2)
  2 worker ants (D:4)
  4 gnolls (D:4)
  An ooze (D:4)
  2 leopard geckos
  An orc (D:3)
  5 giant cockroaches
  4 goblins
  7 hobgoblins
  2 jackals (D:3)
  5 kobolds
  2 quokkas (D:2)
  4 bats
  A frilled lizard (D:2)
  2 rats
46 creatures vanquished.

Notes
Turn   | Place    | Note
-------+----------+-------------------------------------------
     0 | D:1      | Alfie the Hill Orc Fighter began the quest for the Orb.
     0 | D:1      | Reached XP level 1. HP: 19/19 MP: 1/1
   197 | D:1      | Reached XP level 2. HP: 27/27 MP: 2/2
   688 | D:2      | Noticed Terence
   712 | D:2      | Killed Terence
   712 | D:2      | Reached XP level 3. HP: 31/33 MP: 3/3
  1269 | D:3      | Reached XP level 4. HP: 40/40 MP: 4/4
  1748 | D:4      | Reached skill level 1 in Dodging
  1748 | D:4      | Reached XP level 5. HP: 28/47 MP: 5/5
  1848 | D:4      | Noticed Alfie's ghost (novice HOFi)
  1861 | D:4      | Killed Alfie's ghost
  1861 | D:4      | Reached XP level 6. HP: 21/55 MP: 6/6
  1861 | D:4      | Reached XP level 7. HP: 23/60 MP: 7/7
  1902 | D:4      | Reached skill level 5 in Fighting
  1902 | D:4      | Reached skill level 5 in Short Blades
  2029 | D:4      | HP: 1/61 [ogre/giant club (10)]
  2030 | D:4      | Succumbed to a worker ant's poison

Skill      XL: |  1  2  3  4  5  6  7 |
---------------+----------------------+-----
Fighting       | 4 5 |  5.0
Short Blades   | 3 4 5 |  5.1
Armour         | 4 |  4.6
Dodging        | 1 |  1.6
Shields        | 4 |  4.8
Stealth        | |  0.1

Action                   |  1- 3 |  4- 6 |  7- 9 || total
-------------------------+-------+-------+-------++-------
Melee: Rapier            |   128 |    54 |    55 ||   237
  Use: Scroll            |     4 |     3 |       ||     7
       Potion            |       |     1 |     1 ||     2
  Eat: Fruit             |     1 |     3 |       ||     4
Armor: Scale mail        |    68 |    12 |    19 ||    99
Dodge: Dodged            |    37 |    12 |    25 ||    74
Block: Shield            |    69 |    26 |    25 ||   120
